Map: Acropolis LE

Players

MCanning - Winner!

  • Race: Protoss Protoss
  • Spawn Location: 5:00

Semper

  • Race: Terran Terran
  • Spawn Location: 11:00

VOD

Have the link to the VOD?

Description

Time

  • Played on: Sept. 6, 2019, 4:22 p.m.
  • Length: 11:49
Show
View Real Time Build Order
Export as new Build Order

MCanning Protoss - Winner!

Build Orders: 1 Gate Expand, Colossus Rush 

Get SALT Encoding   

  12  0:00  Probe  
  13  0:12  Probe  
  14  0:17  Pylon  
  14  0:24  Probe  
  15  0:33  Probe  
  15  0:37  Gateway  
  15  0:42  Probe  
  16  0:47  Assimilator  
  17  0:51  Probe  
  18  1:03  Probe  
  19  1:15  Probe  
  20  1:26  Cybernetics Core  
  20  1:27  Probe  
  21  1:36  Nexus  
  21  1:39  Probe  
  22  1:46  Assimilator  
  22  1:50  Pylon  
  22  1:53  Probe  
  23  1:58  Adept  
  23  2:04  Probe  
  23  2:05  Warp Gate  
  23  2:12  Probe  
  27  2:22  Probe  
  27  2:29  Sentry  
  30  2:35  Probe  
  30  2:36  Pylon  
  31  2:44  Robotics Facility  
  31  2:45  Probe  
  31  2:48  Probe  
  33  2:53  Probe  
  33  2:55  Stalker  
  36  3:00  Probe  
  36  3:02  Probe  
  37  3:12  Probe  
  39  3:14  Probe  
  39  3:18  Gateway  
  40  3:24  Probe  
  40  3:26  Observer, Probe  
  42  3:28  Gateway  
  43  3:35  Pylon  
  43  3:36  Probe  
  43  3:38  Probe  
  45  3:44  Robotics Bay  
  45  3:47  Probe  
  45  3:48  Probe, Assimilator  
  45  3:50  Assimilator  
  45  3:54  Observer  
  45  3:55  Probe  
  48  3:59  Forge  
  48  4:00  Probe  
  50  4:03  Zealot  
  50  4:04  Probe  
  53  4:10  Probe  
  53  4:14  Stalker  
  53  4:16  Probe  
  57  4:18  Probe  
  57  4:20  Pylon  
  58  4:27  Probe  
  58  4:28  Probe  
  58  4:30  Pylon  
  60  4:31  Pylon  
  60  4:36  Stalker  
  60  4:38  Colossus  
  68  4:48  Probe  
  68  4:50  Protoss Ground Weapons Level 1  
  68  4:51  Probe  
  68  4:56  Probe  
  62  5:01  Extended Thermal Lance  
  62  5:04  Probe x2  
  62  5:06  Sentry  
  67  5:14  Pylon, Probe  
  67  5:16  Probe  
  67  5:17  Colossus  
  69  5:23  Observer  
  69  5:32  Gateway  
  69  5:34  Gateway  
  75  5:38  Pylon  
  75  5:45  Pylon, Probe  
  75  5:53  Sentry  
  77  5:57  Colossus, Nexus  
  77  5:58  Pylon  
  77  6:01  Adept  
  77  6:03  Probe  
  80  6:13  Probe  
  87  6:20  Probe  
  88  6:25  Probe  
  88  6:26  Twilight Council  
  89  6:36  Shield Battery, Pylon  
  89  6:37  Stalker x2  
  93  6:43  Sentry  
  93  6:46  Stalker x2  
  99  6:50  Disruptor  
  102  6:56  Blink, Probe  
  102  6:58  Pylon  
  103  7:06  Adept x3  
  109  7:16  Disruptor  
  109  7:18  Adept x2  
  112  7:30  Photon Cannon  
  112  7:32  Shield Battery  
  112  7:34  Adept x2  
  116  7:40  Pylon  
  116  7:44  Protoss Ground Armor Level 1  
  116  7:48  Dark Shrine, Adept x2  
  118  7:51  Gateway  
  118  7:55  Probe  
  118  7:58  Stalker x2  
  121  8:01  Probe x2  
  123  8:09  Assimilator, Stalker x2  
  123  8:10  Probe  
  123  8:12  Assimilator  
  128  8:13  Probe  
  128  8:19  Probe  
  130  8:22  Probe  
  131  8:28  Probe  
  130  8:37  Probe  
  130  8:39  Pylon  
  130  8:40  Stalker x3  
  130  8:41  Gateway, Stalker  
  139  8:44  Probe  
  139  8:48  Pylon  
  140  8:49  Charge  
  140  8:54  Disruptor  
  140  9:00  Pylon  
  140  9:01  Probe  
  140  9:02  Nexus  
  144  9:13  Forge  
  144  9:15  Stalker x2  
  146  9:17  Probe  
  147  9:24  Dark Templar  
  147  9:26  Dark Templar  
  147  9:29  Dark Templar  
  151  9:38  Robotics Facility  
  151  9:41  Disruptor  
  154  9:49  Adept x2  
  154  9:50  Adept x2  
  160  9:54  Photon Cannon  
  160  9:55  Pylon  
  148  10:03  Stalker x2  
  148  10:04  Stalker  
  148  10:06  Probe  
  149  10:08  Probe  
  150  10:14  Disruptor  
  150  10:18  Probe  
  150  10:19  Probe  
  141  10:40  Dark Templar  
  141  10:42  Zealot x2  
  145  10:43  Zealot x4  
  143  11:02  Probe  
  143  11:04  Photon Cannon  
  144  11:07  Shield Battery  
  140  11:11  Probe, Stalker  
  140  11:12  Stalker x3  
  140  11:15  Assimilator  
  140  11:17  Assimilator  
  160  11:18  Dark Templar  
  160  11:20  Dark Templar  
  160  11:22  Zealot  
  166  11:31  Gateway  
  166  11:32  Gateway  
  162  11:39  Stalker x4  
Show
View Real Time Build Order
Export as new Build Order

Semper Terran 

Build Orders: Reaper Expand 

Get SALT Encoding   

  12  0:00  SCV  
  13  0:12  SCV  
  14  0:17  Supply Depot  
  14  0:24  SCV  
  15  0:38  SCV  
  15  0:40  Barracks  
  16  0:44  Refinery  
  16  0:50  SCV  
  17  1:02  SCV  
  18  1:14  SCV  
  19  1:27  Orbital Command, Reaper  
  20  1:41  Command Center  
  20  1:52  Supply Depot  
  20  1:53  SCV  
  21  1:59  Marine  
  22  2:05  SCV  
  23  2:10  Factory  
  23  2:20  Bunker, SCV  
  23  2:22  Barracks Reactor  
  24  2:28  Refinery  
  24  2:32  SCV  
  25  2:44  SCV  
  26  2:52  Orbital Command  
  26  2:56  Starport  
  26  3:00  Widow Mine  
  26  3:01  Marine x2  
  26  3:05  SCV  
  31  3:17  SCV  
  31  3:18  SCV  
  31  3:19  Marine x2  
  34  3:22  Widow Mine  
  36  3:29  SCV  
  36  3:30  SCV  
  36  3:32  Medivac  
  36  3:33  Supply Depot  
  40  3:36  Marine  
  40  3:37  Marine  
  40  3:41  SCV  
  43  3:43  SCV  
  43  3:45  Widow Mine  
  46  3:55  Supply Depot, SCV, Marine x2  
  49  3:57  Barracks  
  49  4:01  SCV  
  50  4:04  Starport Tech Lab  
  50  4:08  SCV  
  51  4:12  Factory Tech Lab  
  51  4:13  SCV  
  51  4:16  Barracks  
  52  4:17  Supply Depot  
  52  4:22  Raven  
  52  4:23  Marine  
  55  4:25  Engineering Bay  
  55  4:28  SCV x2  
  57  4:35  Supply Depot  
  57  4:36  Refinery  
  57  4:40  SCV  
  57  4:43  Marine, SCV  
  56  4:52  SCV  
  55  4:56  Siege Tank  
  55  4:58  SCV, Terran Infantry Weapons Level 1  
  59  5:00  Supply Depot  
  59  5:03  Marine x2  
  61  5:08  SCV  
  61  5:11  Refinery, Starport Reactor  
  62  5:14  Barracks Tech Lab  
  62  5:20  Stimpack  
  62  5:21  SCV  
  63  5:24  Supply Depot  
  63  5:26  Marauder, Marine x2  
  67  5:29  SCV  
  67  5:33  SCV  
  67  5:34  Marauder  
  71  5:40  Siege Tank  
  71  5:41  SCV  
  75  5:45  Marine x2, SCV  
  75  5:47  Supply Depot  
  75  5:48  Supply Depot  
  78  5:50  Marauder  
  78  5:52  Medivac  
  78  5:56  SCV  
  83  5:57  SCV  
  83  6:02  Medivac  
  83  6:03  Marine x2  
  88  6:08  Command Center, SCV  
  88  6:10  Combat Shield  
  89  6:13  Supply Depot  
  89  6:16  Marauder x2  
  93  6:19  SCV  
  93  6:20  SCV  
  93  6:24  Medivac  
  97  6:26  Marine  
  97  6:31  Barracks  
  98  6:34  Barracks, SCV  
  98  6:36  Marine  
  98  6:37  Marauder  
  102  6:42  Marauder  
  102  6:43  Marine  
  102  6:46  SCV x2  
  107  6:54  Marine  
  106  6:57  Factory Reactor  
  106  6:58  Marauder, SCV  
  106  7:00  Supply Depot, Medivac  
  112  7:01  Marine  
  112  7:03  Marine  
  112  7:04  Medivac  
  112  7:07  SCV  
  117  7:11  Marine  
  117  7:15  Supply Depot, Terran Infantry Armor Level 1  
  118  7:19  Marine  
  118  7:20  Marauder  
  118  7:21  Marauder, SCV  
  124  7:26  Barracks Tech Lab, Barracks Reactor  
  124  7:29  Marine  
  125  7:34  SCV x2  
  125  7:37  Starport, Marine  
  127  7:41  Marauder  
  127  7:42  Marine  
  127  7:44  Refinery  
  131  7:45  Marauder, Refinery  
  131  7:47  Marine  
  134  7:55  Marine  
  134  7:56  Viking  
  137  7:58  Medivac  
  137  8:00  Marauder  
  136  8:07  Marine  
  136  8:08  Marauder, Orbital Command, SCV  
  139  8:21  SCV  
  139  8:22  SCV  
  141  8:34  Marauder, Marine  
  143  8:38  SCV x3  
  143  8:39  Viking x2  
  143  8:40  Viking x2  
  148  8:44  Supply Depot  
  148  8:45  Supply Depot  
  148  8:50  SCV  
  148  8:58  Marauder x2, Concussive Shells, Marine  
  149  9:02  Missile Turret  
  149  9:04  Missile Turret  
  149  9:06  SCV x2  
  151  9:13  Armory  
  151  9:15  Marauder, Engineering Bay, Marine  
  151  9:17  Command Center  
  154  9:19  Marauder, Marine  
  154  9:26  Missile Turret  
  154  9:28  Missile Turret  
  154  9:29  Bunker  
  154  9:38  Viking x4  
  161  9:43  Ghost Academy  
  156  9:59  Marine  
  153  10:08  Viking  
  153  10:09  Marauder, Marine  
  153  10:10  Marauder, Marine x2  
  153  10:11  Marauder  
  153  10:12  SCV  
  153  10:13  SCV  
  159  10:20  SCV  
  155  10:24  SCV  
  155  10:28  Marine x2, SCV  
  147  10:31  Marauder  
  147  10:32  SCV  
  147  10:33  Viking  
  124  10:36  Marine, SCV  
  124  10:40  SCV  
  119  10:44  SCV  
  119  10:48  SCV  
  106  10:51  Viking  
  106  10:54  SCV  
  106  10:56  SCV  
  93  11:00  SCV  
  93  11:03  Marine x2  
  96  11:06  SCV  
  96  11:08  SCV  
  98  11:12  Medivac  
  103  11:18  Marauder  
  102  11:27  Marauder, Command Center  
Tags
 
Add a new tag
Caveats
  • Supply blocks, unpowered buildings, or Contaminate may cause inaccurate times.
  • Supply counts are checked every 10 seconds.